 Dungeon Crawl Stone Soup version 0.20-a0-823-gdec668e (webtiles) character file.

6010 Laan the Cleaver (level 10, -12/141 HPs)
             Began as a Naga Berserker on Mar 5, 2017.
             Was a High Priest of Trog.
             Mangled by a manticore (17 damage)
             ... on level 9 of the Dungeon.
             The game lasted 00:14:51 (8978 turns).

Laan the Cleaver (Naga Berserker)                   Turns: 8978, Time: 00:14:52

Health: -12/141    AC: 15    Str: 27    XL:     10   Next: 86%
Magic:  10/10      EV:  6    Int: 14    God:    Trog [*****.]
Gold:   456        SH:  0    Dex: 11    Spells: 9/9 levels left

rFire    . . .     SeeInvis +   H - +3 battleaxe
rCold    + + .     Gourm    .   S - +1 plate armour {rC+}
rNeg     . . .     Faith    .   (shield currently unavailable)
rPois    +         Spirit   .   o - +1 hat {Int+3}
rElec    .         Reflect  .   n - +0 cloak
rCorr    .         Harm     .   x - +0 pair of gloves
MR       +....                  (no barding)
Stlth    ..........             J - amulet of rage
Regen    0.4/turn               y - +3 ring of strength
MPRegen  0.2/turn               q - ring of protection from cold

@: berserking, barbed spikes, quick
A: see invisible, deformed body, poison resistance, slowness 2, slow metabolism
1, spit poison 1, AC +3
a: Spit Poison, Berserk, Trog's Hand, Brothers in Arms, Burn Spellbooks,
Renounce Religion, Evoke Berserk Rage


You were on level 9 of the Dungeon.
You worshipped Trog.
Trog was extremely pleased with you.
You were very hungry.

You visited 1 branch of the dungeon, and saw 10 of its levels.
You also visited: Sewer.

You collected 456 gold pieces.

Inventory:

Hand Weapons
 a - a +0 hand axe
 t - a +3 hand axe
 H - a +3 battleaxe (weapon)
 N - a cursed +2 hand axe of freezing
Armour
 n - a +0 cloak (worn)
 o - a +1 hat of intelligence (worn)
 x - a +0 pair of gloves (worn)
 S - a +1 plate armour of cold resistance (worn)
Magical Staves
 w - an uncursed staff of energy {unknown}
Jewellery
 e - an uncursed ring of magical power
 q - a ring of protection from cold (left hand)
 r - an uncursed ring of positive energy
 s - an uncursed ring of protection from cold
 y - a +3 ring of strength (right hand)
 J - an amulet of rage (around neck)
Wands
 P - a wand of paralysis (12/24)
Scrolls
 b - a scroll of immolation {unknown}
 d - 4 scrolls of amnesia
 g - a scroll of enchant weapon {unknown}
 h - 3 scrolls of teleportation
 i - 5 scrolls of identify
 j - 2 scrolls of blinking {unknown}
 l - 3 scrolls of remove curse
 p - a scroll of random uselessness {unknown}
 z - 2 scrolls of recharging {unknown}
 C - 2 scrolls of noise {unknown}
 K - a scroll of holy word {unknown}
 M - a scroll of vulnerability {unknown}
 O - 2 scrolls of fear {unknown}
Potions
 k - 3 potions of berserk rage {unknown}
 u - 3 potions of heal wounds {unknown}
 v - 2 potions of degeneration {unknown}
 A - 2 potions of curing {unknown}
 B - a potion of lignification {unknown}
 D - a potion of might {unknown}
 E - a potion of agility {unknown}
 F - 2 potions of resistance
 G - a potion of mutation {unknown}
 I - 3 potions of flight {unknown}
Books
 Q - a book of Callings

   Spells                             Type                      Level
   a - Summon Small Mammal            Summoning                    1
   b - Call Imp                       Summoning                    2
   c - Call Canine Familiar           Summoning                    3
   d - Summon Guardian Golem          Hexes/Summoning              3
   e - Summon Lightning Spire         Summoning/Air                4
   f - Summon Ice Beast               Ice/Summoning                4
   Trog disapproves of the use of such an item.
Comestibles
 c - 14 bread rations
 f - 8 royal jellies
 m - 4 meat rations
 L - 2 chunks of flesh
 R - a fruit


   Skills:
 + Level 7.5 Fighting
 + Level 12.7 Axes
 + Level 6.0 Armour
 - Level 1.5 Dodging


You had 9 spell levels left.
You didn't know any spells.

Dungeon Overview and Level Annotations

Branches:
Dungeon (10/15)            Temple (0/1) D:5
   Lair: D:8-11         Orc: D:9-12

Altars:
Hepliaklqana
Beogh


Innate Abilities, Weirdness & Mutations

You cannot wear boots.
Your serpentine skin is tough. (AC +3)
You have supernaturally acute eyesight. (SInv)
Armour fits poorly on your strangely shaped body.
Your system is resistant to poisons. (rPois)
You cover ground very slowly.
You have a slow metabolism.
You can spit poison.


Message History

The manticore bites you.
* * * LOW HITPOINT WARNING * * *
The manticore completely misses you. The manticore claws you!
* * * LOW HITPOINT WARNING * * *
Your plate armour prevents you from hitting the manticore.
The manticore is lightly wounded.
The manticore bites you!
* * * LOW HITPOINT WARNING * * *
The manticore claws you.
* * * LOW HITPOINT WARNING * * *
The manticore claws you.
* * * LOW HITPOINT WARNING * * *
You are too berserk!
Unknown command.
You are too berserk!
Unknown command.
You slice the manticore!!
The manticore is heavily wounded.
The manticore bites you!
You die...

..hhh# .###. ... #......
....h# ...... #.# #......
.....# .....##.## #......
.....# .........######
####### ######.
##............##
..##..............##########
...........................
#................#########
.. #.......H@.......#
....#................#
...%..).)............#
......†).............#
.....#..............## ##..
##.....##.....## #..
############## .. #


You could see a manticore.

Vanquished Creatures
  A two-headed ogre (D:8)
  Pikel (D:4)
  A polar bear (D:9)
  2 hippogriffs
  A spriggan (D:7)
  2 hogs (D:9)
  Menkaure (D:5)
  6 orc warriors
  A sky beast (D:7)
  A slave (D:4)
  3 black bears
  2 ogres
  5 centaurs
  2 crocodiles
  A big kobold (D:7)
  3 bullfrogs
  2 scorpions
  9 wights
  2 crimson imps
  4 bullfrog zombies
  3 quasits (D:6)
  4 hounds
  5 orc priests
  A bullfrog skeleton (D:9)
  A jelly (D:7)
  An orc wizard (D:7)
  2 iguanas
  11 worker ants
  A killer bee zombie (D:9)
  A hound skeleton (D:7)
  A worker ant zombie (D:6)
  3 howler monkey skeletons
  8 adders
  2 shadow imps (D:7)
  An adder zombie (D:7)
  3 adder skeletons
  2 worms
  2 dart slugs
  6 leopard geckos
  48 orcs
  A ball python (D:1)
  4 giant cockroaches
  12 goblins
  14 hobgoblins
  21 jackals
  24 kobolds
  9 quokkas
  17 bats
  6 frilled lizards
  A quokka zombie (D:7)
  6 rats
271 creatures vanquished.

Notes
Turn   | Place    | Note
-------+----------+-------------------------------------------
     0 | D:1      | Laan the Naga Berserker began the quest for the Orb.
     0 | D:1      | Reached XP level 1. HP: 21/21 MP: 1/1
   198 | D:1      | Reached XP level 2. HP: 15/28 MP: 2/2
   761 | D:1      | Reached skill level 4 in Axes
   794 | D:1      | Reached XP level 3. HP: 21/34 MP: 3/3
  1441 | D:2      | Reached ** piety under Trog
  1448 | D:2      | Reached XP level 4. HP: 42/42 MP: 4/4
  1802 | D:2      | Reached skill level 5 in Axes
  2146 | D:3      | Found a hazy altar of Hepliaklqana.
  2287 | D:3      | Found a glowing drain.
  2314 | Sewer    | Entered a sewer
  2393 | Sewer    | Reached XP level 5. HP: 46/49 MP: 5/5
  2441 | Sewer    | Noticed a crocodile
  2448 | Sewer    | Killed a crocodile
  2448 | Sewer    | Reached skill level 6 in Axes
  2771 | D:3      | Reached *** piety under Trog
  2883 | D:3      | Reached XP level 6. HP: 56/56 MP: 6/6
  3371 | D:4      | Noticed a slave
  3372 | D:4      | Noticed a slave
  3373 | D:4      | Noticed Pikel
  3378 | D:4      | Killed a slave
  3381 | D:4      | Noticed a slave
  3381 | D:4      | Noticed a slave
  3387 | D:4      | Killed Pikel
  3387 | D:4      | Reached skill level 9 in Axes
  3387 | D:4      | Reached XP level 7. HP: 62/62 MP: 7/7
  3633 | D:5      | Entered Level 5 of the Dungeon
  3695 | D:5      | Reached XP level 8. HP: 68/69 MP: 8/8
  3988 | D:5      | Found a staircase to the Ecumenical Temple.
  3992 | D:5      | Noticed Menkaure
  4000 | D:5      | Killed Menkaure
  4191 | D:5      | Reached skill level 10 in Axes
  4484 | D:5      | Reached **** piety under Trog
  4982 | D:6      | Reached skill level 11 in Axes
  5114 | D:6      | Reached XP level 9. HP: 64/76 MP: 9/9
  5423 | D:7      | Received a gift from Trog
  5828 | D:7      | Reached skill level 5 in Fighting
  6735 | D:8      | Reached XP level 10. HP: 79/91 MP: 10/10
  6828 | D:8      | Reached skill level 12 in Axes
  6950 | D:8      | Noticed a two-headed ogre
  6960 | D:8      | Killed a two-headed ogre
  6960 | D:8      | Reached skill level 5 in Armour
  7237 | D:8      | Found a roughly hewn altar of Beogh.
  7265 | D:8      | Reached ***** piety under Trog
  7778 | D:8      | Received a gift from Trog
  8127 | D:9      | Found a huge runed gate.
  8128 | D:9      | Found a huge runed gate.
  8129 | D:9      | Found a huge runed gate.
  8129 | D:9      | Noticed a manticore
  8130 | D:9      | Found a huge runed gate.
  8133 | D:9      | Noticed a manticore
  8151 | D:10     | Entered Level 10 of the Dungeon
  8977 | D:9      | HP: 5/141 [manticore (6)]
  8978 | D:9      | Mangled by a manticore

Vault maps used:
D:1:      erik_arrival_cave_to_civilisation
D:3:      lemuel_crystal_altar, portal_sewer_entry_f
D:4:      minivault_14, uniq_pikel
D:5:      corexii_shantytown, temple_statues, first_bread, uniq_menkaure
D:7:      minivault_22, the_bakery
D:8:      special_room
D:9:      lemuel_bear_cage, uniq_maurice
D:10:     minivault_14, kennysheep_minor_cross, nrook_mini_backslash
Sewer:    sewer_the_crocodile

Skill      XL: |  1  2  3  4  5  6  7  8  9 10 |
---------------+-------------------------------+-----
Axes           | 4 5 6 9 11 12 | 12.7
Armour         | 2 4 6 |  6.0
Fighting       | 5 7 |  7.5
Dodging        | |  1.5

Action                   |  1- 3 |  4- 6 |  7- 9 | 10-12 || total
-------------------------+-------+-------+-------+-------++-------
Melee: Hand axe          |   122 |   178 |   310 |       ||   610
       Battleaxe         |       |       |    62 |   189 ||   251
Invok: Berserk           |     1 |     3 |     6 |     6 ||    16
       Trog's Hand       |       |       |     1 |       ||     1
 Abil: Spit Poison       |       |     1 |     1 |       ||     2
  Use: Scroll            |       |       |     4 |     1 ||     5
 Stab: Sleeping          |     1 |       |       |       ||     1
  Eat: Chunk             |     1 |     8 |     9 |    10 ||    28
       Fruit             |       |       |     3 |       ||     3
       Meat ration       |       |       |     1 |       ||     1
Armor: Animal skin       |    25 |    12 |       |       ||    37
       Ring mail         |       |    84 |    78 |       ||   162
       Chain mail        |       |       |     9 |       ||     9
       Plate armour      |       |       |    98 |   161 ||   259
Dodge: Dodged            |    79 |    93 |   122 |    60 ||   354
